Map: Turbo Cruise '84 LE

Players

yjzhou - Winner!

  • Race: Terran Terran
  • League: Platinum
  • Spawn Location: 3:00

Blu

  • Race: Zerg Zerg
  • League: Platinum
  • Spawn Location: 7:00

VOD

Have the link to the VOD?

Description

Time

  • Played on: July 5, 2019, 1:22 p.m.
  • Length: 21:48
Show
View Real Time Build Order
Export as new Build Order

yjzhou Terran - Winner!

Build Orders: Gas First Reaper Expand 

Get SALT Encoding   

  12  0:01  SCV  
  13  0:14  SCV  
  13  0:21  Supply Depot  
  14  0:26  SCV  
  15  0:31  Refinery  
  15  0:42  SCV  
  16  0:45  Barracks  
  16  0:54  SCV  
  17  1:06  SCV  
  18  1:18  SCV  
  19  1:40  Command Center  
  19  1:41  Reaper  
  19  1:42  SCV  
  21  1:54  Orbital Command  
  21  2:04  Factory  
  21  2:12  Supply Depot  
  20  2:27  SCV  
  21  2:32  Barracks  
  21  2:36  Refinery  
  21  2:46  Supply Depot, Marine  
  21  2:48  Factory Tech Lab  
  22  2:56  Factory Tech Lab  
  22  3:00  Starport  
  22  3:04  SCV  
  23  3:14  Orbital Command  
  23  3:25  Engineering Bay  
  23  3:26  SCV  
  24  3:27  Barracks Reactor  
  23  3:36  Barracks Reactor  
  23  3:38  SCV, Starport Tech Lab  
  23  3:40  SCV  
  25  3:45  Widow Mine  
  27  3:51  SCV  
  27  3:52  SCV  
  29  4:01  Terran Infantry Weapons Level 1  
  29  4:03  SCV  
  29  4:04  SCV  
  29  4:08  Supply Depot  
  29  4:09  Marine x2  
  32  4:15  SCV  
  32  4:16  SCV  
  35  4:17  Marine  
  35  4:18  Marine  
  35  4:23  Viking  
  39  4:27  Marine  
  39  4:28  SCV x2  
  42  4:33  Supply Depot, Marine  
  43  4:45  SCV x2  
  45  4:51  Stimpack  
  45  4:52  Marauder  
  47  4:57  SCV x2  
  49  5:04  Refinery  
  49  5:05  Marine x2, Refinery  
  51  5:07  Widow Mine x2  
  51  5:09  SCV  
  51  5:11  SCV  
  57  5:21  SCV  
  57  5:23  SCV  
  57  5:27  Command Center  
  59  5:33  SCV  
  60  5:37  SCV  
  60  5:38  Marine  
  60  5:39  Marine x2  
  60  5:41  Widow Mine x2  
  68  5:46  SCV  
  68  5:49  SCV  
  70  6:03  Cloaking Field  
  70  6:10  Supply Depot x2  
  70  6:13  Supply Depot  
  70  6:31  SCV, Banshee  
  70  6:32  SCV, Marauder, Widow Mine x2, Marine x2  
  83  6:43  SCV  
  83  6:44  SCV  
  85  6:49  Marine x2  
  85  6:54  Marauder  
  84  6:56  SCV x2  
  77  7:02  Widow Mine  
  77  7:03  Widow Mine  
  77  7:07  Marine x2  
  77  7:08  SCV x2  
  84  7:15  Marauder  
  87  7:16  Banshee  
  87  7:20  SCV x2  
  87  7:22  Barracks  
  92  7:25  Marine, Barracks  
  92  7:28  Barracks  
  93  7:32  SCV x2, Planetary Fortress  
  93  7:34  Marine, Refinery  
  93  7:36  Marine, Hellion x2  
  101  7:44  SCV, Marine  
  101  7:50  Combat Shield  
  103  7:52  Marine  
  103  7:53  SCV  
  103  7:54  Marauder  
  103  7:56  SCV  
  108  8:02  Marine  
  108  8:05  Barracks  
  109  8:11  SCV, Marine, Hellion x2  
  115  8:15  Marine  
  115  8:16  Terran Infantry Armor Level 1  
  115  8:19  Marine  
  116  8:20  Armory  
  117  8:32  Barracks Reactor x2  
  117  8:42  Barracks Tech Lab  
  117  8:54  Supply Depot x2  
  117  8:55  Supply Depot  
  117  8:59  Supply Depot x2  
  117  9:00  Supply Depot  
  117  9:15  SCV x3, Marine x4  
  124  9:25  Widow Mine  
  124  9:28  SCV x3  
  129  9:33  Marine x3  
  129  9:34  Marauder  
  129  9:35  Liberator  
  129  9:36  Marine, Liberator  
  129  9:37  Marine x3  
  138  9:40  SCV x3  
  141  9:49  Factory Tech Lab  
  141  9:51  Marine x3  
  141  9:52  SCV x3  
  147  9:54  Marine x3  
  147  9:55  Marine, Marauder  
  147  9:59  Starport  
  159  10:04  SCV x3  
  162  10:09  Starport, Marine  
  161  10:16  SCV x3, Marauder  
  161  10:20  Marine x3  
  151  10:23  Marine x3  
  151  10:24  Siege Tank  
  151  10:25  Terran Infantry Weapons Level 2  
  151  10:28  SCV x3  
  157  10:29  Terran Ship Weapons Level 1  
  157  10:38  Marauder  
  157  10:40  SCV x3, Marine x3  
  165  10:55  Command Center  
  165  10:56  Fusion Core  
  165  11:03  Missile Turret  
  165  11:04  Missile Turret  
  165  11:43  Marine  
  165  11:45  SCV x2  
  165  11:46  Marine  
  165  11:47  SCV  
  165  11:48  Medivac  
  165  11:50  Marine x2  
  165  12:01  Supply Depot  
  165  12:02  Supply Depot  
  165  12:03  Supply Depot  
  165  12:05  Sensor Tower  
  165  12:06  Marine x4  
  165  12:07  SCV x3, Siege Tank, Marine, Marauder  
  165  12:08  Marine x2  
  180  12:15  Liberator x2  
  180  12:17  Weapon Refit  
  180  12:22  SCV x3  
  183  12:23  Starport  
  183  12:24  Marine x4  
  183  12:25  Starport  
  183  12:27  Starport  
  183  12:28  Marauder  
  189  12:34  SCV x3  
  195  12:46  SCV x3  
  195  12:50  Marauder  
  191  12:51  Marine x2  
  191  12:52  Marine  
  191  12:55  Sensor Tower  
  194  12:58  SCV x2  
  194  12:59  SCV  
  194  13:00  Marine x3  
  199  13:11  SCV, Planetary Fortress  
  187  13:43  SCV x3, Marine x3  
  187  13:44  Marine x2, Marauder  
  193  13:53  SCV  
  193  13:55  SCV x2  
  196  13:59  Sensor Tower  
  196  14:00  Starport Tech Lab x2  
  196  14:08  Starport Tech Lab, Refinery  
  196  14:10  Refinery  
  196  14:18  Supply Depot  
  196  14:19  Marine x3  
  196  14:23  Supply Depot, Refinery  
  199  14:25  Supply Depot x2  
  199  14:35  Marine x3  
  199  14:36  Marine  
  197  14:54  Marine x3  
  149  15:30  Marine x3  
  149  15:31  Marine x4, Marauder  
  149  15:32  Siege Tank  
  152  15:40  Battlecruiser x3  
  152  15:41  Terran Ship Weapons Level 2  
  170  15:47  Armory  
  170  15:48  Marine x5  
  175  15:53  Marauder  
  177  16:07  Command Center  
  177  16:10  Marine x4  
  173  16:14  Marauder  
  175  16:23  Marine x3  
  175  16:24  Siege Tank  
  180  16:28  Marine x2  
  180  16:29  SCV x2  
  177  16:35  Marine, Marauder  
  177  16:36  Ghost Academy, Marine  
  179  16:44  Battlecruiser  
  179  16:45  Marine x3  
  179  16:46  Marine x2  
  190  16:48  SCV x2  
  190  16:53  Marine x2  
  194  16:56  Marine  
  194  17:00  Sensor Tower  
  195  17:03  Marine x3  
  195  17:04  Marine  
  198  17:13  SCV x2  
  159  17:45  Marine x6  
  159  17:46  Marine, Marauder  
  159  17:47  SCV x4  
  159  17:49  Planetary Fortress  
  167  17:52  Battlecruiser x3  
  185  17:59  SCV x3  
  185  18:03  Marine x6  
  185  18:04  Marine  
  195  18:08  Marauder  
  195  18:11  Sensor Tower  
  196  18:20  Marine  
  196  18:21  Marine x5  
  191  18:29  Marauder  
  193  18:41  Marine x5  
  193  18:42  Marine x2  
  199  18:58  Marine x2  
  199  18:59  Marine x4  
  199  19:00  Marine  
  181  19:11  Marine  
  181  19:13  Siege Tank  
  181  19:16  Marine  
  180  19:17  Battlecruiser x3  
  195  19:32  SCV  
  195  19:37  Sensor Tower  
  145  20:27  Marine  
  145  20:28  Marine x7  
  147  20:29  Siege Tank  
  147  20:30  Viking x3  
  147  20:31  Battlecruiser  
  147  20:32  Battlecruiser  
  172  20:45  Marine  
  172  20:47  Marauder  
  172  20:48  Marine x4  
  172  20:49  Marine x2  
  181  20:50  SCV x2  
  181  20:51  SCV x2  
  173  21:03  Marine  
  174  21:06  Marine x4  
  174  21:08  Marine x2, Marauder  
  182  21:11  Viking  
  182  21:12  Viking  
  186  21:21  Marine  
  186  21:24  Marine x4  
  191  21:26  Marine x2  
Show
View Real Time Build Order
Export as new Build Order

Blu Zerg 

Build Orders: Hatch First, Swarm Host 

Get SALT Encoding   

  12  0:02  Drone  
  13  0:13  Overlord  
  13  0:18  Drone  
  14  0:31  Drone x2  
  16  0:50  Hatchery  
  16  0:54  Drone  
  16  0:59  Drone  
  17  1:15  Spawning Pool  
  17  1:16  Drone  
  17  1:19  Drone  
  17  1:23  Extractor  
  17  1:25  Drone  
  17  1:29  Drone  
  19  1:44  Drone  
  20  1:51  Drone  
  21  2:03  Drone  
  22  2:10  Drone  
  22  2:12  Hatchery  
  22  2:19  Queen  
  23  2:27  Queen  
  25  2:34  Metabolic Boost  
  25  2:48  Drone  
  25  2:49  Drone x2  
  25  2:51  Overlord  
  28  3:13  Drone x6  
  28  3:19  Queen  
  36  3:30  Drone x3  
  39  3:36  Drone x3  
  42  3:42  Overlord  
  42  3:55  Baneling Nest  
  42  4:01  Drone x4, Extractor  
  44  4:06  Spore Crawler  
  44  4:09  Drone x2  
  45  4:10  Drone  
  45  4:12  Drone x2, Spore Crawler  
  45  4:14  Queen  
  45  4:16  Drone  
  50  4:27  Extractor, Overlord  
  50  4:28  Overlord x2  
  49  4:34  Drone  
  49  4:37  Overlord  
  50  4:48  Drone x3, Extractor  
  50  4:51  Lair  
  52  4:57  Queen  
  52  4:59  Drone x2  
  58  5:03  Pneumatized Carapace  
  56  5:07  Drone x3  
  56  5:08  Drone x2  
  61  5:22  Drone x2  
  61  5:23  Drone  
  61  5:25  Drone x2  
  66  5:31  Drone x2  
  66  5:32  Drone x3  
  71  5:37  Spore Crawler  
  70  5:46  Zergling x8  
  74  5:54  Hatchery  
  73  6:06  Overlord x2  
  73  6:07  Overlord x5  
  66  6:27  Zergling x8  
  66  6:28  Zergling x12  
  66  6:29  Zergling x6  
  75  6:40  Zergling x6  
  75  6:41  Zergling x4  
  74  7:03  Drone  
  74  7:04  Drone x4  
  79  7:16  Drone x5  
  84  7:24  Nydus Network  
  84  7:28  Drone x5, Infestation Pit  
  81  7:38  Evolution Chamber x2  
  81  7:41  Drone  
  81  7:42  Drone x4  
  78  7:47  Drone x3  
  78  7:48  Extractor  
  78  7:50  Extractor  
  79  7:59  Drone x5  
  79  8:00  Drone  
  79  8:01  Queen x3  
  79  8:02  Queen  
  79  8:04  Swarm Host x2  
  99  8:10  Swarm Host x3  
  99  8:12  Hatchery  
  113  8:18  Zergling x4  
  113  8:19  Zergling x6  
  118  8:27  Zergling x4  
  118  8:30  Overlord x2  
  118  8:31  Overlord  
  120  8:35  Zerg Melee Weapons Level 1, Zerg Ground Armor Level 1  
  120  8:42  Nydus Canal  
  120  8:45  Overlord x4  
  120  8:46  Overlord x3  
  120  8:50  Extractor  
  120  8:51  Extractor  
  120  8:52  Zergling x6  
  120  8:53  Zergling x4  
  123  8:59  Zergling x2, Swarm Host x3  
  136  9:08  Swarm Host  
  136  9:09  Swarm Host  
  142  9:16  Zergling x4  
  142  9:17  Zergling x4  
  158  9:26  Zergling x2  
  158  9:27  Zergling x8  
  160  9:39  Zergling x4  
  160  9:40  Zergling x10  
  160  9:45  Baneling x3  
  167  9:46  Baneling x2, Centrifical Hooks  
  167  9:57  Hydralisk Den  
  167  9:58  Hive, Swarm Host  
  167  9:59  Zergling x10  
  174  10:00  Zergling x8  
  170  10:21  Zergling x12  
  160  10:22  Zergling x4  
  160  10:24  Swarm Host  
  160  10:25  Swarm Host x3  
  186  10:30  Nydus Canal  
  186  10:31  Drone x3  
  189  10:40  Swarm Host  
  192  10:49  Hatchery  
  191  11:12  Nydus Canal  
  191  11:15  Overlord x2  
  191  11:16  Overlord x2  
  182  11:47  Overlord x2  
  182  11:48  Overlord x2  
  182  11:50  Overseer x4  
  182  11:53  Drone x3  
  183  12:00  Hydralisk x2  
  183  12:01  Hydralisk x6  
  187  12:07  Nydus Canal  
  194  12:12  Spore Crawler  
  180  12:40  Evolution Chamber  
  175  12:50  Hydralisk x4  
  175  12:51  Hydralisk x5  
  193  13:01  Drone x3  
  193  13:02  Drone x2  
  198  13:06  Zerg Melee Weapons Level 2  
  198  13:09  Zerg Missile Weapons Level 1  
  198  13:15  Drone  
  199  13:27  Hatchery  
  181  13:42  Drone x3  
  181  13:43  Drone x7  
  181  13:46  Zerg Ground Armor Level 2  
  191  13:52  Zergling x2  
  191  13:53  Zergling x2  
  193  14:04  Drone  
  193  14:05  Drone  
  195  14:11  Drone x4  
  199  14:22  Extractor  
  198  14:24  Extractor  
  197  14:37  Ultralisk Cavern  
  196  14:46  Baneling x2  
  196  14:47  Baneling x5  
  184  15:25  Hydralisk  
  184  15:27  Ultralisk x3  
  189  15:38  Drone x3  
  189  15:41  Zerg Melee Weapons Level 3, Zerg Missile Weapons Level 2  
  192  15:44  Muscular Augments  
  192  15:45  Chitinous Plating  
  192  15:50  Drone x2  
  192  15:54  Zergling x8, Spire  
  192  15:55  Zergling x4, Spire  
  198  16:16  Hatchery  
  194  16:26  Burrow  
  194  16:38  Zerg Ground Armor Level 3  
  194  16:44  Lurker Den  
  193  16:56  Grooved Spines  
  193  17:13  Zerg Flyer Armor Level 1, Zerg Flyer Weapons Level 1  
  193  17:17  Spire  
  183  17:35  Drone x6  
  183  17:36  Drone x2  
  162  17:42  Ultralisk x4  
  173  17:51  Hatchery  
  172  17:58  Zerg Missile Weapons Level 3  
  169  18:24  Zergling x2  
  169  18:25  Zergling x12  
  169  18:26  Zergling x2  
  167  18:32  Zergling x8  
  168  18:45  Zergling x8  
  159  19:08  Hydralisk x5  
  159  19:09  Hydralisk x5  
  169  19:18  Drone x2  
  169  19:22  Greater Spire, Zerg Flyer Weapons Level 2  
  169  19:23  Zerg Flyer Armor Level 2  
  168  19:28  Drone x2  
  168  19:30  Drone  
  168  19:31  Drone x3  
  172  19:54  Hydralisk x2  
  172  19:56  Corruptor x4  
  172  19:57  Corruptor x4  
  154  20:10  Anabolic Synthesis  
  154  20:13  Corruptor x2  
  136  20:21  Hydralisk x2  
  128  20:29  Drone x2  
  128  20:30  Drone x3  
  121  20:39  Corruptor, Zergling x2  
  121  20:42  Hydralisk  
  99  20:55  Corruptor  
  99  20:56  Overlord  
  95  21:03  Zergling x10  
  95  21:04  Zergling x10  
  88  21:18  Corruptor x2, Overlord x2  
Tags
 
Add a new tag
Caveats
  • Supply blocks, unpowered buildings, or Contaminate may cause inaccurate times.
  • Supply counts are checked every 10 seconds.